 Dungeon Crawl Stone Soup version 0.19.1 (webtiles) character file.

245 Peloso the Skirmisher (level 5, -1/41 HPs)
             Began as a Demonspawn Fighter on Dec 23, 2016.
             Slain by an orc
             ... wielding a +0 club
              (4 damage)
             ... on level 3 of the Dungeon.
             The game lasted 00:07:06 (2119 turns).

Peloso the Skirmisher (Demonspawn Fighter)          Turns: 2119, Time: 00:07:06

Health: -1/41      AC:  6    Str: 18    XL:     5   Next: 83%
Magic:  5/5        EV:  7    Int:  9    God:
Gold:   162        SH:  9    Dex: 12    Spells: 0 memorised, 4 levels left

rFire  . . .     SeeInvis .     a - +1 long sword
rCold  . . .     Gourm    .     b - +0 scale mail
rNeg   . . .     Faith    .     c - +0 shield
rPois  .         Spirit   .     k - -2 helmet (curse)
rElec  .         Reflect  .     (no cloak)
rCorr  .         Harm     .     (no gloves)
MR     .....                    (no boots)
Stlth  ..........               (no amulet)
                                (no ring)
                                (no ring)

@: no status effects
A: claws 1
a: no special abilities


You were on level 3 of the Dungeon.
You were hungry.

You visited 1 branch of the dungeon, and saw 3 of its levels.

You collected 162 gold pieces.

Inventory:

Hand Weapons
 a - a +1 long sword (weapon)
Armour
 b - a +0 scale mail (worn)
 c - a +0 shield (worn)
 k - a cursed -2 helmet (worn)
Scrolls
 g - 2 scrolls of remove curse {unknown}
 l - 2 scrolls of teleportation
Potions
 e - a potion of invisibility
 i - a potion of magic {unknown}
 m - 2 potions of flight {unknown}
Comestibles
 d - a chunk of flesh
 f - 3 bread rations
 h - 4 meat rations
 j - a beef jerky


   Skills:
 + Level 3.6 Fighting
 + Level 3.5 Long Blades
 + Level 3.5 Armour
 + Level 1.4 Dodging
 + Level 0.2 Stealth
 + Level 3.6 Shields


You had 4 spell levels left.
You didn't know any spells.

Dungeon Overview and Level Annotations

Branches:
Dungeon (3/15)

Altars:
Ru


Innate Abilities, Weirdness & Mutations

You have sharp fingernails.


Message History

The orc barely misses you.
You riposte.
You closely miss the orc.
The orc is almost dead.
You hit the orc.
You kill the orc!
Your shield prevents you from hitting the orc.
The orc hits you with a club.
* * * LOW HITPOINT WARNING * * *
You hit the orc but do no damage. The orc hits you but does no damage.
You hit the orc but do no damage. You block the orc's attack.
You barely miss the orc. The orc hits you with a club.
* * * LOW HITPOINT WARNING * * *
The orc hits you with a club.
* * * LOW HITPOINT WARNING * * *
You hit the orc but do no damage. The orc hits you with a club.
* * * LOW HITPOINT WARNING * * *
You completely miss the orc. The orc hits you but does no damage.
You hit the orc but do no damage. The orc hits you with a club.
* * * LOW HITPOINT WARNING * * *
You hit the orc but do no damage. The orc hits you with a club.
You die...

#..#....#...# #.#
........###..###.#
........### ##..##.#
........## #...##.#
.....##..# #.#..#.#
...#. ....####.##.#(# .
# ###............#
..##### ...###.###..##
.......###..##@# ##..#
........###..#o# ##.#
#......g(.o(..### #.#
_................# #.#
.#.......####.)..# #.#
...............#.# #.##
..........######.###..#
.%.......##
#..###.##### ........##
##...<..)..#


You could see an orc.

Vanquished Creatures
  The ghost of Azzok the Shield-Bearer, an amateur FoFi (D:3)
  An orc wizard (D:3)
  An orc priest (D:3)
  A gnoll (D:3)
  2 adders (D:2)
  2 dart slugs (D:2)
  2 leopard geckos
  5 orcs
  4 giant cockroaches
  8 goblins
  7 hobgoblins
  7 jackals
  A quokka (D:1)
  2 ball pythons (D:1)
  4 bats
  2 frilled lizards
  7 kobolds
  6 rats
63 creatures vanquished.

Notes
Turn   | Place    | Note
-------+----------+-------------------------------------------
     0 | D:1      | Peloso the Demonspawn Fighter began the quest for the Orb.
     0 | D:1      | Reached XP level 1. HP: 18/18 MP: 1/1
   161 | D:1      | Gained mutation: You have sharp fingernails. [demonic ancestry]
   161 | D:1      | Reached XP level 2. HP: 9/24 MP: 2/2
   203 | D:1      | You fall through a shaft!
   775 | D:1      | Reached XP level 3. HP: 18/29 MP: 3/3
  1402 | D:2      | Reached XP level 4. HP: 34/35 MP: 4/4
  1531 | D:3      | Reached skill level 1 in Dodging
  1531 | D:3      | Reached XP level 5. HP: 8/41 MP: 5/5
  1545 | D:3      | Noticed Azzok's ghost (amateur FoFi)
  1994 | D:3      | Killed Azzok's ghost
  2086 | D:3      | Found a sacrificial altar of Ru.
  2119 | D:3      | Slain by an orc

Skill      XL: |  1  2  3  4 |
---------------+-------------+-----
Shields        | 3 |  3.6
Long Blades    | 2 3 |  3.5
Armour         | 3 |  3.5
Dodging        | 1 |  1.4
Fighting       | |  3.6
Stealth        | |  0.2

Action                   |  1- 3 |  4- 6 || total
-------------------------+-------+-------++-------
Melee: Long sword        |   126 |    76 ||   202
  Use: Potion            |     6 |     1 ||     7
       Scroll            |     5 |       ||     5
 Stab: Invisible         |     1 |       ||     1
  Eat: Chunk             |     2 |     2 ||     4
Armor: Scale mail        |    61 |    44 ||   105
Dodge: Dodged            |    47 |    27 ||    74
Block: Shield            |    87 |    52 ||   139
       Rpst.: Long sword |    13 |    16 ||    29
